 Dungeon Crawl Stone Soup version 0.29-a0-322-g68df515428 (webtiles) character file.

Game seed: 3556838862374914991

102 GigaChad the Slasher (level 4, -1/36 HPs)
             Began as a Demonspawn Chaos Knight on Apr 8, 2022.
             Was a Plaything of Xom.
             Slain by an orc
             ... wielding a +0 trident
              (2 damage)
             ... on level 3 of the Dungeon.
             The game lasted 00:06:50 (2621 turns).

GigaChad the Slasher (Demonspawn Chaos Knight)      Turns: 2621, Time: 00:06:51

Health: -1/36      AC: 11    Str: 12    XL:     4   Next: 49%
Magic:  4/4        EV:  3    Int: 14    God:    Xom [....*.]
Gold:   145        SH:  0    Dex: 14    Spells: 3/3 levels left

rFire   . . .      SeeInvis +   a - +1 falchion (chaos)
rCold   . . .      Faith    .   (no shield)
rNeg    . . .      Spirit   .   g - +0 plate armour
rPois   .          Reflect  .   (no helmet)
rElec   .          Harm     .   (no cloak)
rCorr   .          Rampage  .   (no gloves)
Will    .....                   (no boots)
Stlth   ..........              (no amulet)
HPRegen 0.12/turn               j - ring of see invisible
MPRegen 0.09/turn               (no ring)

@: lethally poisoned (-1 -> -4)
A: hooves 2, demonic guardian 1
a: Renounce Religion


You were on level 3 of the Dungeon.
You worshipped Xom.
You were a beloved toy of Xom.
You visited 1 branch of the dungeon, and saw 3 of its levels.

You collected 145 gold pieces.

Inventory:

Hand Weapons
 a - a +1 falchion of chaos (weapon)
Armour
 b - a +3 leather armour
 g - a +0 plate armour (worn)
Jewellery
 j - a ring of see invisible (left hand)
Scrolls
 i - a scroll of fear
 m - a scroll of identify
Potions
 d - a potion of brilliance {unknown}
 e - a potion of degeneration {unknown}
 f - a potion of curing {unknown}
 h - a potion of resistance {unknown}
 k - a potion of haste {unknown}
 l - a potion of lignification {unknown}
Miscellaneous
 c - a piece from Xom's chessboard (15/15) (quivered)


   Skills:
 + Level 3.6 Fighting
 + Level 3.8 Long Blades
 + Level 2.2 Armour
 + Level 1.4 Dodging
 + Level 1.0 Stealth


You had 3 spell levels left.
You didn't know any spells.
Your spell library was empty.

Dungeon Overview and Level Annotations

Branches:
Dungeon (3/15)

Altars:
Zin

Portals:
Sewer: D:3


Innate Abilities, Weirdness & Mutations

You have hoof-like feet.
A weak demonic guardian rushes to your aid.


Message History

Your surroundings suddenly seem different.
Found a stone staircase leading up.
Your surroundings suddenly seem different.
Your surroundings suddenly seem different. 3 orcs and an orc wizard come into view.
An orc is wielding a +1 short sword of venom.
Found an escape hatch in the floor.
You are now a beloved toy of Xom.
The hobgoblin moves out of view.
The endoplasm moves out of view.
The frilled lizard moves out of view.
The bat moves out of view.
The orc moves out of view.
The orc wizard moves out of view. x2
The orc moves out of view.
The orc wizard moves out of view.
Found a stone staircase leading down.
The orc shouts! x2; The orc wizard shouts!
You hear a shout!
You hear an angry hiss.
The orc hits you from afar with a +0 trident.
The orc wizard points at you and mumbles some strange words.
The puff of flame misses you.
The orc hits you from afar with a +0 trident.
The orc hits you but does no damage.
You are poisoned.
The orc attacks as you move away!
The orc hits you with a +1 short sword of venom.
You feel very sick.
You feel sick.
There is an escape hatch in the floor here.
Found 20 stones.
You feel sick.
The orc wizard gestures at you while chanting.
The puff of flame hits you!
* * * LOW HITPOINT WARNING * * *
A demonic guardian appears!
You emit a cloud of colourful smoke!
The orc hits you from afar with a +0 trident.
* * * LOW HITPOINT WARNING * * *
There is a stone staircase leading down here.
* * * LOW HITPOINT WARNING * * *
You feel sick.
The orc hits you from afar with a +0 trident.
You die...
Xom titters!

#. # #. #.#.
#.#.### #....# #
##...##### #
##.oo...# #
##o###.# #.## #@☼#
#.# #.## #§### #.#
#.## #5§ #.# #.##
#.#. #.# #.## ###.
#.########.## #(
#..........##
#.#####)###........
#.......# #.#######
#######.# #.# #


You could see an orc wizard (ally target), 2 orcs and a friendly white imp
(summoned).

Vanquished Creatures
  3 adders (D:2)
  2 adder skeletons (D:2)
  2 worms (D:2)
  3 dart slugs
  4 ball pythons
  A bat skeleton (D:2)
  8 endoplasms
  2 giant cockroaches (D:1)
  4 goblins
  4 hobgoblins
  2 jackals (D:2)
  4 kobolds
  A quokka (D:1)
  A ball python skeleton (D:2)
  2 bats
  4 frilled lizards
  3 rats (D:2)
50 creatures vanquished.

Vanquished Creatures (collateral kills)
  An endoplasm (D:2)
  A hobgoblin (D:2)
  A ball python skeleton (D:2)
3 creatures vanquished.

Vanquished Creatures (others)
  A withered plant (D:2)
1 creature vanquished.

Grand Total: 54 creatures vanquished

Notes
Turn   | Place    | Note
-------+----------+-------------------------------------------
     0 | D:1      | GigaChad the Demonspawn Chaos Knight began the quest for
                  | the Orb.
     0 | D:1      | Reached XP level 1. HP: 18/18 MP: 1/1
   117 | D:1      | Gained mutation: A weak demonic guardian rushes to your
                  | aid. [demonic ancestry]
   117 | D:1      | Reached XP level 2. HP: 24/24 MP: 2/2
   167 | D:1      | XOM: divination: detect items
   542 | D:1      | XOM: silly message
   595 | D:1      | Reached skill level 1 in Dodging
   687 | D:1      | Gained mutation: You have large cloven feet. [demonic
                  | ancestry]
   687 | D:1      | Reached XP level 3. HP: 13/29 MP: 3/3
   828 | D:1      | XOM: noise
  1213 | D:2      | HP: 1/29 [frozen (4)]
  1827 | D:2      | XOM: divination: detect items
  1832 | D:2      | Reached skill level 1 in Stealth
  2077 | D:2      | XOM: 2-stop teleportation journey
  2085 | D:2      | Gained mutation: You have hoof-like feet. [demonic
                  | ancestry]
  2085 | D:2      | Reached XP level 4. HP: 29/35 MP: 4/4
  2148 | D:2      | XOM: 2-stop teleportation journey
  2425 | D:2      | XOM: cloud trail
  2511 | D:2      | XOM: scenery: 1 doors close
  2564 | D:2      | XOM: god gift: fuming silvery potion {god gift}
  2614 | D:3      | Found a glowing drain.
  2614 | D:3      | XOM: 7-stop teleportation journey
  2620 | D:3      | XOM: smoke on damage
  2621 | D:3      | HP: 1/36 [poisoned by an orc]
  2621 | D:3      | Slain by an orc

Illustrated notes

Levels and vault maps discovered:
D:1:      tarquinn_simple_flora_water_f, layout_rooms
D:2:      layout_basic, basic_altar, serial_undead, serial_undead_d,
          serial_undead_f, serial_undead_c, serial_undead_b, serial_undead_b,
          serial_undead_f, kennysheep_generic_room_2
D:3:      layout_loops_ring, gup_sewer_entry_glass, uniq_sigmund

Skill      XL: |  1  2  3 |
---------------+----------+-----
Long Blades    | 3 |  3.8
Dodging        | 1 |  1.4
Armour         | 2 |  2.2
Stealth        | 1 |  1.0
Fighting       | |  3.6

Action                   |  1- 3 |  4- 6 || total
-------------------------+-------+-------++-------
Melee: Falchion          |   111 |    30 ||   141
       Punch             |     1 |       ||     1
       Kick              |     4 |    10 ||    14
  Use: Scroll            |     4 |     1 ||     5
 Stab: Paralysed         |     3 |       ||     3
Armor: Leather armour    |    27 |       ||    27
       Plate armour      |    51 |    25 ||    76
Dodge: Dodged            |    51 |     3 ||    54

Table legend: (Time is in decaauts)
 A = Elapsed time spent in this place.
 B = Non-inter-level travel time spent in this place.
 C = Inter-level travel time spent in this place.
 D = Time resting spent in this place.
 E = Time spent auto-exploring this place.
 F = Levels seen in this place.
 G = Mean time per level.
                   A        B        C        D        E       F      G
               +--------+--------+--------+--------+--------+-----+--------+
         Total |   2643 |   2643 |      0 |   1124 |    323 |   3 |  881.0 |
       Dungeon |   2643 |   2643 |      0 |   1124 |    323 |   3 |  881.0 |
               +--------+--------+--------+--------+--------+-----+--------+

Top non-repeatable levels by time:
     D:2: 1460 daAuts
     D:1: 1129 daAuts
     D:3: 53 daAuts
